 Dungeon Crawl Stone Soup version 0.31-a0-1611-g890cdf5628 (webtiles) character file.

Game seed: 10380616173973029884

702 Xavori the Trooper (level 7, -3/53 HPs)
             Began as a Djinni Chaos Knight on Jan 8, 2024.
             Was a Plaything of Xom.
             Slain by a hornet (4 damage)
             ... on level 5 of the Dungeon.
             The game lasted 00:04:20 (6047 turns).

Xavori the Trooper (Djinni Chaos Knight)            Turns: 6047, Time: 00:04:20

Health: -3/53      AC:  9    Str: 11      XL:     7   Next: 98%
Gold:   145        EV: 12    Int: 13      God:    Xom [......] SH:  0 Dex:  8 (15)

rFire   + . .        a - +0 falchion (chaos)
rCold   . . .        (no shield)
rNeg    . . .        b - +2 leather armour
rPois   ∞            p - +0 helmet
rElec   +            q - +0 cloak
rCorr   .            (no gloves)
SInv    .            (boots unavailable)
Will    .....        (no amulet)
Stlth   +            r - ring of ice
HPRegen 0.28/turn    (no ring)
MPRegen 0.00/turn

%: infuse magic (-4 HP)
@: mighty, flying
A: sickness immunity, fire resistance 2, cold vulnerability 1, float, innate
caster, HP casting, extra vitality 1, iridescent scales 1, electricity
resistance, teleportitis 1, MP-powered wands
a: Renounce Religion


You were on level 5 of the Dungeon.
You worshipped Xom.
You were a very special plaything of Xom.
You visited 1 branch of the dungeon, and saw 5 of its levels.

You collected 271 gold pieces.
You spent 126 gold pieces at shops.

Inventory:

Hand Weapons
 a - a +0 falchion of chaos (weapon)
Armour
 b - a +2 leather armour (worn)
 p - a +0 helmet (worn)
 q - a +0 cloak (worn)
Jewellery
 r - a ring of ice (left hand)
Scrolls
 c - a scroll of butterflies
 e - a scroll of fog
 f - 3 scrolls of enchant armour
 g - a scroll of immolation
 i - a scroll of poison
 j - a scroll of fear
 o - a scroll of teleportation
 s - a scroll of blinking
 t - a scroll of noise {unknown}
 v - a scroll of revelation
Potions
 d - a potion of might
 h - a potion of brilliance {unknown}
 k - a potion of magic {unknown}
 l - a potion of mutation
 n - a potion of curing {unknown}
 u - a potion of enlightenment {unknown}


   Skills:
 + Level 4.4 Fighting
 + Level 4.0 Long Blades
 + Level 3.2 Armour
 + Level 4.1 Dodging
 * Level 3.5 Spellcasting
 * Level 3.5 Conjurations
 * Level 3.5 Hexes
   Level 0.0 Charms
 * Level 3.5 Summonings
 * Level 3.5 Necromancy
 * Level 3.5 Translocations
   Level 0.0 Transmutations
 * Level 3.5 Fire Magic
 * Level 3.5 Ice Magic
 * Level 3.5 Air Magic
 * Level 3.5 Earth Magic
 * Level 3.5 Alchemy


You knew the following spells:

 Your Spells              Type           Power      Damage    Failure   Level
a - Summon Small Mammal   Summ           44%        N/A       7%          1
b - Ensorcelled Hibernat  Hex/Ice        34%        N/A       10%         2
c - Frozen Ramparts       Ice            34%        1d6       21%         3
Your spell library was empty.

Dungeon Overview and Level Annotations

Branches:
Dungeon (5/15)
 Temple: D:4-7

Altars:
Gozag
Xom
Zin

Shops:
D:1 *

Annotations:
D:4 1 runed translucent door, Dordric's ghost, amateur DrSh


Innate Abilities, Weirdness & Mutations

You are immune to sickness and miasma.
You are immune to poison.
Your flesh is very heat resistant. (rF++)
You are vulnerable to cold. (rC-)
You float through the air rather than walking.
You learn spells naturally, not from books.
Your magical power is your life essence.
You have superior vitality. (+4 MHP)
You are partially covered in iridescent scales. (AC +2)
You are resistant to electric shocks. (rElec)
You are occasionally teleported next to monsters.
You expend health (3 HP) to strengthen your wands.


Message History

The yak gores you!
You hit the yak but do no damage.
The yak is heavily wounded.
The wall freezes the yak but does no damage.
The yak gores you.
You hit the yak. You freeze the yak.
The yak is heavily wounded.
The wall freezes the yak but does no damage.
The yak barely misses you.
The wall freezes the yak.
The yak gores you!
You hit the yak.
Xom is highly amused!
Nothing appears to happen.
The yak is severely wounded.
The frozen ramparts melt away.
The yak gores you. The yak gores you!
* * * LOW HITPOINT WARNING * * *
You aren't carrying any items that you can evoke.
You closely miss the yak.
The yak is severely wounded.
The yak barely misses you.
You barely miss the yak.
The yak is severely wounded.
The yak closely misses you. The yak gores you.
* * * LOW HITPOINT WARNING * * *
You hit the yak. You drain the yak.
The yak is almost dead.
You feel strangely unstable.
You are yanked towards a nearby monster!
Your surroundings suddenly seem different.
A hornet comes into view.
Found a silvery potion.
Xom thinks this is hilarious!
The hornet buzzes angrily.
The hornet closely misses you.
Unknown command.
Unknown command.
It was a potion of might.
You feel very mighty all of a sudden. The hornet stings you.
You die...
Xom chortles!

### #..
#.# #.#
#@# #y#
...
.....
##!..#.
##.###.
#.. ..
### #.


You could see a hornet.

Vanquished Creatures
  Eustachio (D:4)
  A steam dragon (D:4)
  2 ogres
  A bombardier beetle (D:4)
  Jessica (D:2)
  2 iguanas (D:4)
  Natasha (D:4)
  4 adders
  A gnoll (D:4)
  A ribbon worm (D:2)
  7 orcs
  3 bats
  5 endoplasms
  2 giant cockroaches
  11 goblins
  5 hobgoblins
  5 jackals (D:1)
  5 kobolds
  2 quokkas
  3 ball pythons
  3 frilled lizards
  4 rats
70 creatures vanquished.

Vanquished Creatures (collateral kills)
  Robin (D:2)
  A goblin (D:2)
  2 hobgoblins (D:2)
4 creatures vanquished.

Grand Total: 74 creatures vanquished

Notes
Turn   | Place    | Note
-------+----------+-------------------------------------------
     0 | D:1      | Xavori the Djinni Chaos Knight began the quest for the Orb.
     0 | D:1      | Reached XP level 1. HP: 20/20 MP: 0/0
   120 | D:1      | Found Putivvumne's General Store.
   176 | D:1      | Found a faded altar of an unknown god.
   217 | D:1      | XOM: silly message
   371 | D:1      | Reached XP level 2. HP: 25/25 MP: 0/0
   686 | D:1      | XOM: god gift: 20 gold pieces
   773 | D:1      | XOM: enchant monster (good)
  1155 | D:1      | XOM: silly message
  1592 | D:1      | XOM: god gift: 10 gold pieces
  1859 | D:1      | XOM: divination: magic mapping
  1943 | D:1      | XOM: give mutations
  1943 | D:1      | Gained mutation: Your spells are a little harder to cast,
                  | but a little more powerful. [Xom's grace]
  1943 | D:1      | Gained mutation: You are partially covered in iridescent
                  | scales. (AC +2) [Xom's grace]
  2337 | D:1      | XOM: give mutations
  2337 | D:1      | Gained mutation: You are mostly covered in iridescent
                  | scales. (AC +4) [Xom's grace]
  2337 | D:1      | Gained mutation: You expend health (3 HP) to strengthen
                  | your wands. [Xom's grace]
  2900 | D:1      | XOM: god gift: 13 gold pieces
  2911 | D:2      | Reached XP level 3. HP: 30/30 MP: 0/0
  2911 | D:2      | Learned a level 1 spell: Summon Small Mammal
  2938 | D:1      | Bought a scroll of fear for 56 gold pieces
  2946 | D:2      | Noticed Jessica
  2950 | D:2      | Killed Jessica
  2951 | D:2      | Reached skill level 1 in Spellcasting
  2951 | D:2      | Reached skill level 1 in Conjurations
  2951 | D:2      | Reached skill level 1 in Hexes
  2951 | D:2      | Reached skill level 1 in Summonings
  2951 | D:2      | Reached skill level 1 in Necromancy
  2951 | D:2      | Reached skill level 1 in Translocations
  2951 | D:2      | Reached skill level 1 in Fire Magic
  2951 | D:2      | Reached skill level 1 in Ice Magic
  2951 | D:2      | Reached skill level 1 in Air Magic
  2951 | D:2      | Reached skill level 1 in Earth Magic
  2951 | D:2      | Reached skill level 1 in Alchemy
  3002 | D:2      | Reached XP level 4. HP: 33/35 MP: 0/0
  3225 | D:1      | Bought a scroll of teleportation for 42 gold pieces
  3225 | D:1      | Bought a scroll of identify for 28 gold pieces
  3380 | D:2      | XOM: 3-stop teleportation journey
  3416 | D:2      | Noticed Robin
  3455 | D:2      | Killed Robin
  3560 | D:2      | XOM: summons 2 hostile demons
  3672 | D:2      | Reached XP level 5. HP: 40/40 MP: 0/0
  3672 | D:2      | Learned a level 2 spell: Ensorcelled Hibernation
  3896 | D:3      | XOM: give mutations
  3896 | D:3      | Gained mutation: You are resistant to electric shocks.
                  | (rElec) [Xom's mischief]
  3896 | D:3      | Gained mutation: You are completely covered in iridescent
                  | scales. (AC +6) [Xom's mischief]
  3896 | D:3      | Lost mutation: You are completely covered in iridescent
                  | scales. (AC +6) [Xom's mischief]
  3917 | D:3      | Found a glowing silver altar of Zin.
  3959 | D:3      | Noticed an ogre
  3969 | D:3      | Killed an ogre
  3970 | D:3      | Reached XP level 6. HP: 46/47 MP: 0/0
  4449 | D:3      | XOM: scenery: create altars
  4733 | D:4      | Found a runed translucent door.
  4739 | D:4      | Noticed Dordric's ghost (amateur DrSh)
  4762 | D:4      | XOM: 1-stop teleportation journey
  4771 | D:4      | an adder changed into a steam dragon
  4771 | D:4      | Noticed a steam dragon
  4773 | D:4      | Killed a steam dragon
  4774 | D:4      | Reached XP level 7. HP: 47/52 MP: 0/0
  4774 | D:4      | Learned a level 3 spell: Frozen Ramparts
  4798 | D:4      | Noticed Eustachio
  4799 | D:4      | XOM: blink monster(s)
  4815 | D:4      | Killed Eustachio
  4952 | D:4      | XOM: summons 3 hostile shadow creatures
  5146 | D:4      | XOM: give mutations
  5146 | D:4      | Lost mutation: Your spells are a little harder to cast, but
                  | a little more powerful. [Xom's mischief]
  5146 | D:4      | Lost mutation: You are mostly covered in iridescent scales.
                  | (AC +4) [Xom's mischief]
  5222 | D:4      | XOM: summons 3 hostile demons
  5223 | D:4      | Noticed an orange demon
  5416 | D:4      | Found an opulent altar of Gozag.
  5534 | D:4      | Noticed Natasha
  5541 | D:4      | Killed Natasha
  5586 | D:4      | XOM: torment (28/53 hp)
  5680 | D:4      | XOM: summons 4 hostile demons
  5771 | D:4      | XOM: give mutation
  5771 | D:4      | Gained mutation: You are occasionally teleported next to
                  | monsters. [Xom's mischief]
  5974 | D:5      | Entered Level 5 of the Dungeon
  6031 | D:5      | Noticed a yak
  6045 | D:5      | HP: 1/53 [yak (4)]
  6046 | D:5      | Noticed a hornet
  6047 | D:5      | Slain by a hornet

Illustrated notes

Levels and vault maps discovered:
D:1:      dpeg_arrival_boxorama, layout_basic, serial_shops,
          nicolae_shop_waterfront, hellmonk_ecumenical_altar_arch_garden,
          chequers_serial_rivers_micro_c, minmay_close_crescents
D:2:      minmay_chambers_of_twos, layout_loops_ring, uniq_jessica, uniq_robin
D:3:      layout_loops_ring, overflow_temple_1_default
D:4:      layout_basic, nicolae_gozag_seed_capital,
          ebering_ghost_reflecting_pool, uniq_natasha, uniq_eustachio
D:5:      layout_loops_ring, minitemple, grunt_dithmenos_smoke,
          nicolae_yredelemnul_corpse_copse, nicolae_overflow_crystal_walls,
          serial_shops, nicolae_shop_just_a_little_nook, nrook_pool_corridor,
          grunt_ministairs_9

Skill      XL: |  1  2  3  4  5  6  7 |
---------------+----------------------+-----
Long Blades    | 3 4 |  4.0
Spellcasting   | 1 2 3 |  3.5
Conjurations   | 1 2 3 |  3.5
Hexes          | 1 2 3 |  3.5
Summonings     | 1 2 3 |  3.5
Necromancy     | 1 2 3 |  3.5
Translocations | 1 2 3 |  3.5
Fire Magic     | 1 2 3 |  3.5
Ice Magic      | 1 2 3 |  3.5
Air Magic      | 1 2 3 |  3.5
Earth Magic    | 1 2 3 |  3.5
Alchemy        | 1 2 3 |  3.5
Armour         | 2 3 |  3.2
Dodging        | 3 4 |  4.1
Fighting       | 4 |  4.4

Action                     |  1- 3 |  4- 6 |  7- 9 || total
---------------------------+-------+-------+-------++-------
  Melee: Falchion          |    77 |   152 |    93 ||   322
         Punch             |     1 |     3 |     3 ||     7
   Cast: Summon Small Mamm |       |     1 |       ||     1
         Ensorcelled Hiber |       |     1 |       ||     1
         Frozen Ramparts   |       |       |     1 ||     1
    Use: Scroll            |       |     9 |       ||     9
         Potion            |       |       |     2 ||     2
   Stab: Paralysed         |     1 |       |     1 ||     2
         Confused          |       |     2 |     2 ||     4
         Petrified         |       |     1 |       ||     1
 Armour: Leather armour    |    62 |   118 |   188 ||   368
  Dodge: Dodged            |    64 |   104 |   236 ||   404

Table legend: (Time is in decaauts)
 A = Elapsed time spent in this place.
 B = Non-inter-level travel time spent in this place.
 C = Inter-level travel time spent in this place.
 D = Time resting spent in this place.
 E = Time spent auto-exploring this place.
 F = Levels seen in this place.
 G = Mean time per level.
                   A        B        C        D        E       F      G
               +--------+--------+--------+--------+--------+-----+--------+
         Total |   6110 |   5915 |    195 |   2224 |   2954 |   5 | 1222.0 |
       Dungeon |   6110 |   5915 |    195 |   2224 |   2954 |   5 | 1222.0 |
               +--------+--------+--------+--------+--------+-----+--------+

Top non-repeatable levels by time:
     D:1: 2982 daAuts
     D:4: 1448 daAuts
     D:2: 909 daAuts
     D:3: 695 daAuts
     D:5: 73 daAuts
